 Dungeon Crawl Stone Soup version 0.28.0-43-g3370ac3207 (webtiles) character file.

Game seed: 10444546558025584518

875058 DearestLeader the Conqueror (level 27, -5/273 HPs)
             Began as a Minotaur Fighter on Mar 16, 2022.
             Was the Champion of the Shining One.
             Killed from afar by an acid blob (26 damage)
             ... with a splash of acid
             ... on level 4 of the Pits of Slime on Mar 17, 2022.
             The game lasted 02:46:30 (59925 turns).

DearestLeader the Conqueror (Minotaur Fighter)     Turns: 59925, Time: 02:46:31

Health: -5/273     AC: 21    Str: 37    XL:     27
Magic:  8/33       EV: 24    Int:  6    God:    the Shining One [******]
Gold:   5762       SH: 24    Dex: 16    Spells: 36/36 levels left

rFire   + . .      SeeInvis +   F - +8 mithril axe "Arga" {speed, Will+}
rCold   + + +      Faith    +   V - +6 kite shield "Haopaom" {+Inv rPois Regen+ Str-2}
rNeg    + + +      Spirit   .   l - +12 gold dragon scales
rPois   +          Reflect  .   U - +2 hat {Stlth+}
rElec   +          Harm     .   W - +2 cloak {Will+}
rCorr   .          Rampage  .   m - +3 pair of gloves of the Saviour {rElec Dex+3}
Will    ++++.                   v - +0 pair of boots "Mutu" {Drain +Blink rC++ Slay+2}
Stlth   ..........              J - amulet "Pitroigu" {Faith Regen+ Int+3 Stlth-}
HPRegen 2.15/turn               N - ring "Hoguofoj" {AC+4 Str+7 Slay+3 SInv}
MPRegen 0.23/turn               o - ring "Soett" {rElec rC+ EV+4 Str+2}

@: corroded, glowing
A: horns 2, retaliatory headbutt, deterioration 1, dopey 2, screaming 2, shaggy
fur 1, electricity resistance, subdued magic 1, noise suppression
}: 9/15 runes: decaying, silver, abyssal, demonic, glowing, magical, fiery,
dark, gossamer
a: Renounce Religion, Evoke Blink, Evoke Invisibility, Divine Shield, Cleansing
Flame, Summon Divine Warrior, Brand Weapon With Holy Wrath


You were on level 4 of the Pits of Slime.
You worshipped the Shining One.
The Shining One was exalted by your worship.
You visited 11 branches of the dungeon, and saw 50 of its levels.
You visited Pandemonium 1 time, and saw 21 of its levels.
You visited the Abyss 2 times.
You visited 2 bazaars.
You also visited: Bailey, Gauntlet and Ice Cave.

You collected 10469 gold pieces.
You spent 4707 gold pieces at shops.

Inventory:

Hand Weapons
 w - a +4 sacred scourge of holy wrath
 F - the +8 mithril axe "Arga" (weapon) {speed, Will+}
   (Okawaru gifted it to you on level 13 of the Dungeon)

   Attacks with this weapon are significantly faster.
   Will:      It increases your willpower.
 P - the +5 broad axe "Hyfeu" {flame, Fly rN+ Dex+2}
   (Okawaru gifted it to you on level 3 of the Lair of Beasts)

   It burns those it strikes, dealing additional fire damage.
   Big, fiery blades are also staple armaments of hydra-hunters.
   Dex:       It affects your dexterity (+2).
   rN:        It protects you from negative energy.
   Fly:       It grants you flight.
Missiles
 I - 2 throwing nets
 Q - 9 silver javelins (quivered)
Armour
 l - +12 gold dragon scales (worn)
 m - the +3 pair of gloves of the Saviour (worn) {rElec Dex+3}
   (Okawaru gifted it to you on level 3 of the Vaults)

   Dex:       It affects your dexterity (+3).
   rElec:     It insulates you from electricity.
 v - the +0 pair of boots "Mutu" (worn) {Drain +Blink rC++ Slay+2}
   (Okawaru gifted it to you on level 3 of the Depths)

   Slay:      It affects your accuracy & damage with ranged weapons and melee
   (+2).
   rC:        It greatly protects you from cold.
   +Blink:    It lets you blink.
   Drain:     It drains your maximum health when unequipped.
 U - a +2 hat of stealth (worn)
 V - the +6 kite shield "Haopaom" (worn) {+Inv rPois Regen+ Str-2}
   (Okawaru gifted it to you on level 5 of the Lair of Beasts)

   Str:       It affects your strength (-2).
   rPois:     It protects you from poison.
   +Inv:      It lets you turn invisible.
   Regen:     It increases your rate of health regeneration.
 W - a +2 cloak of willpower (worn)
Jewellery
 i - the ring of Brilliance {rC+ Will+ Str+6}
   (You found it on level 2 of the Vaults)

   [ring of strength]

   Str:       It affects your strength (+6).
   rC:        It protects you from cold.
   Will:      It increases your willpower.
 o - the ring "Soett" (right hand) {rElec rC+ EV+4 Str+2}
   (You bought it in a shop in a bazaar)

   [ring of evasion]

   EV:        It affects your evasion (+4).
   Str:       It affects your strength (+2).
   rC:        It protects you from cold.
   rElec:     It insulates you from electricity.
 p - the ring of Okawaru's Scorn {rC+ rN+}
   (You found it on level 3 of the Crypt)

   [ring of positive energy]

   rC:        It protects you from cold.
   rN:        It protects you from negative energy.
 q - the ring "Vigraob" {MP+9 Int+4 Dex+4 SInv}
   (You found it in Pandemonium)

   [ring of magical power]

   Int:       It affects your intelligence (+4).
   Dex:       It affects your dexterity (+4).
   MP:        It affects your magic capacity (+9).
   SInv:      It lets you see invisible.
 r - the ring "Fipypp" {rPois rN+ Str+3 Int+3}
   (You found it on level 3 of the Crypt)

   [ring of positive energy]

   Str:       It affects your strength (+3).
   Int:       It affects your intelligence (+3).
   rPois:     It protects you from poison.
   rN:        It protects you from negative energy.
 z - a +6 ring of intelligence
 J - the amulet "Pitroigu" (around neck) {Faith Regen+ Int+3 Stlth-}
   (You found it in a Gauntlet)

   [amulet of faith]

   It allows you to gain divine favour quickly.
   Int:       It affects your intelligence (+3).
   Regen:     It increases your rate of health regeneration.
   Stlth:     It makes you less stealthy.
 N - the ring "Hoguofoj" (left hand) {AC+4 Str+7 Slay+3 SInv}
   (You bought it in a shop on level 3 of the Dungeon)

   [ring of protection]

   AC:        It affects your AC (+4).
   Str:       It affects your strength (+7).
   Slay:      It affects your accuracy & damage with ranged weapons and melee
   (+3).
   SInv:      It lets you see invisible.
 X - a ring of fire
Wands
 a - a wand of flame (77)
 g - a wand of charming (15)
 y - a wand of acid (22)
 C - a wand of iceblast (38)
 D - a wand of mindburst (45)
 E - a wand of digging (19)
 H - a wand of polymorph (45)
 S - a wand of paralysis (37)
Scrolls
 b - 10 scrolls of blinking
 c - 2 scrolls of holy word
 e - 3 scrolls of summoning
 j - 25 scrolls of identify
 k - 2 scrolls of enchant armour
 s - 12 scrolls of amnesia
 t - 31 scrolls of teleportation
 B - 8 scrolls of magic mapping
 R - 6 scrolls of silence
 T - 2 scrolls of enchant weapon
 Y - 5 scrolls of fear
 Z - 4 scrolls of fog
Potions
 d - 10 potions of might
 f - 28 potions of curing
 h - 9 potions of heal wounds
 n - 6 potions of berserk rage
 u - 4 potions of magic
 x - 6 potions of cancellation
 A - 11 potions of ambrosia
 G - 7 potions of flight
 K - 3 potions of resistance
 L - 11 potions of brilliance
 M - 6 potions of mutation
 O - 17 potions of haste


   Skills:
 O Level 27 Fighting
 O Level 27 Axes
 O Level 27 Armour
 * Level 24.7 Dodging
 O Level 27 Shields
 + Level 5.0 Spellcasting
 - Level 15.0 Invocations
 - Level 10.0 Evocations


You had 36 spell levels left.
You didn't know any spells.
Your spell library contained the following spells:

 Spells                   Type           Power      Damage    Failure   Level
 Freeze                   Ice            4%         1d3       71%         1
 Magic Dart               Conj           4%         1d3       71%         1
 Pain                     Necr           4%         1d4       71%         1
 Sandblast                Erth           2%         2d4       71%         1
 Sting                    Tmut/Pois      4%         1d3       71%         1
 Summon Small Mammal      Summ           4%         N/A       71%         1
 Blink                    Tloc           2%         N/A       85%         2
 Call Imp                 Summ           1%         N/A       85%         2
 Corpse Rot               Necr/Air       2%         N/A       85%         2
 Ensorcelled Hibernation  Hex/Ice        2%         N/A       85%         2
 Passwall                 Tmut/Erth      0%         N/A       85%         2
 Poisonous Vapours        Pois/Air       2%         N/A       85%         2
 Searing Ray              Conj           2%         2d4       85%         2
 Static Discharge         Conj/Air       1%         N/A       85%         2
 Sublimation of Blood     Necr           1%         N/A       85%         2
 Wereblood                Tmut           1%         N/A       85%         2
 Call Canine Familiar     Summ           1%         N/A       97%         3
 Confusing Touch          Hex            1%         N/A       97%         3
 Dazzling Flash           Conj/Hex       2%         N/A       97%         3
 Frozen Ramparts          Ice            2%         1d2       97%         3
 Gell's Gravitas          Tloc           1%         N/A       97%         3
 Ignite Poison            Fire/Tmut/Pois 1%         N/A       97%         3
 Lesser Beckoning         Tloc           1%         N/A       97%         3
 Mephitic Cloud           Conj/Pois/Air  1%         N/A       97%         3
 Spider Form              Tmut/Pois      1%         N/A       97%         3
 Stone Arrow              Conj/Erth      2%         3d7       97%         3
 Summon Guardian Golem    Hex/Summ       1%         N/A       97%         3
 Swiftness                Air            1%         N/A       97%         3
 Teleport Other           Tloc           1%         N/A       97%         3
 Tukima's Dance           Hex            1%         N/A       97%         3
 Airstrike                Air            0%         N/A       100%        4
 Anguish                  Hex/Necr       0%         N/A       100%        4
 Animate Armour           Summ/Erth      2%         N/A       100%        4
 Animate Dead             Necr           0%         N/A       100%        4
 Fulminant Prism          Conj/Hex       0%         3d6       100%        4
 Hailstorm                Conj/Ice       1%         3d3       100%        4
 Ice Form                 Ice/Tmut       1%         N/A       100%        4
 Iskenderun's Mystic Bla  Conj/Tloc      1%         2d3       100%        4
 Olgreb's Toxic Radiance  Pois           1%         N/A       100%        4
 Passage of Golubria      Tloc           1%         N/A       100%        4
 Petrify                  Tmut/Erth      1%         N/A       100%        4
 Summon Ice Beast         Ice/Summ       1%         N/A       100%        4
 Summon Lightning Spire   Summ/Air       1%         N/A       100%        4
 Agony                    Necr           1%         N/A       100%        5
 Blade Hands              Tmut           0%         N/A       100%        5
 Borgnjor's Vile Clutch   Necr/Erth      0%         N/A       100%        5
 Excruciating Wounds      Necr           0%         N/A       100%        5
 Fireball                 Conj/Fire      0%         3d3       100%        5
 Freezing Cloud           Conj/Ice/Air   0%         6-21      100%        5
 Iskenderun's Battlesphe  Conj           1%         2d6       100%        5
 Lightning Bolt           Conj/Air       0%         1d11      100%        5
 Manifold Assault         Tloc           1%         N/A       100%        5
 Metabolic Englaciation   Hex/Ice        0%         N/A       100%        5
 Silence                  Hex/Air        0%         N/A       100%        5
 Yara's Violent Unravell  Hex/Tmut       0%         3d3       100%        5
 Conjure Ball Lightning   Conj/Air       0%         3x3d6     100%        6
 Death Channel            Necr           0%         N/A       100%        6
 Dispersal                Tloc           0%         N/A       100%        6
 Iron Shot                Conj/Erth      0%         9d1       100%        6
 Simulacrum               Ice/Necr       0%         N/A       100%        6
 Starburst                Conj/Fire      0%         6d3       100%        6
 Statue Form              Tmut/Erth      0%         N/A       100%        6
 Enfeeble                 Hex            0%         N/A       100%        7
 Haunt                    Necr/Summ      0%         N/A       100%        7
 Malign Gateway           Summ/Tloc      0%         N/A       100%        7
 Orb of Destruction       Conj           0%         9d5       100%        7
 Spellforged Servitor     Conj/Summ      0%         N/A       100%        7
 Storm Form               Tmut/Air       0%         N/A       100%        7
 Summon Hydra             Summ           0%         N/A       100%        7
 Infestation              Necr           0%         N/A       100%        8
 Maxwell's Capacitive Co  Air            0%         ∞         100%        8
 Summon Horrible Things   Summ           0%         N/A       100%        8
 Death's Door             Necr           0%         N/A       100%        9


Dungeon Overview and Level Annotations

Branches:
Dungeon (15/15)            Temple (1/1) D:4            Lair (6/6) D:10
  Swamp (4/4) Lair:3       Spider (4/4) Lair:4        Slime (5/5) Lair:6
    Orc (2/2) D:11            Elf (0/3) Orc:2        Vaults (5/5) D:14
  Crypt (3/3) Vaults:2       Tomb (0/3) Crypt:3      Depths (4/4) D:15
   Hell (visited)             Dis (0/7) Hell            Geh (0/7) Hell
    Coc (0/7) Hell            Tar (0/7) Hell            Zot (0/5) Depths:4
 Bailey (visited)           IceCv (visited)         Gauntlet (visited)

Altars:
Ashenzari
Cheibriados
Dithmenos
Elyvilon
Fedhas
Gozag
Hepliaklqana
Kikubaaqudgha
Makhleb
Nemelex Xobeh
Okawaru
Qazlal
Ru
Sif Muna
Trog
Uskayaw
Vehumet
Wu Jian
Xom
Yredelemnul
Zin
The Shining One
Beogh
Jiyva

Shops:
D:3 ==   D:8 *   D:12 :   D:15 =[(   Orc:2 *=?:   Vaults:4 (*[   Vaults:5 [
Depths:1 [   Depths:2 ?*   Depths:4 *

Portals:
Hell: Depths:1 Depths:2 Depths:3 Depths:4
Abyss: Depths:3
Pandemonium: Depths:2
Ziggurat: Depths:1

Annotations:
D:11 2 transporters
Slime:5 Royal Jelly
Depths:4 4 runed translucent doors


Innate Abilities, Weirdness & Mutations

You have a pair of horns on your head.
You reflexively headbutt those who attack you in melee.
Your body sometimes deteriorates upon taking damage.
You are very dopey. (Int -4)
You frequently scream uncontrollably at your foes.
You are covered in fur. (AC +1)
You are resistant to electric shocks. (rElec)
Your spells are a little easier to cast, but a little less powerful.
You passively dampen the noise of your surroundings.


Message History

You hit the rockslime but do no damage. You slice the slime creature!!
You hit the slime creature but do no damage.
A slime creature comes into view.
You block the slime creature's attack.
An azure jelly comes into view.
You slice the acid blob!!
Your hands burn!
* * * LOW HITPOINT WARNING * * *
The acid blob is heavily wounded.
You slash the rockslime! You slash the slime creature!
You hit the slime creature but do no damage.
The rockslime hits you!
* * * LOW HITPOINT WARNING * * *
You hold your ground!
The acid blob completely misses you.
You hit the rockslime but do no damage.
The rockslime is heavily wounded.
You slash the rockslime! You slice the acid blob!!
Your hands burn!
* * * LOW HITPOINT WARNING * * *
You hit the slime creature but do no damage.
You slash the slime creature! You hit the slime creature.
You block the slime creature's attack. x2
You feel much better. The rockslime hits you!!
* * * LOW HITPOINT WARNING * * *
You hold your ground!
You block the acid blob's attack. The rockslime hits you!!!
The Shining One protects you from harm!
You hold your ground!
You block the slime creature's attack.
An acid blob comes into view.
The slime creature hits you.
* * * LOW HITPOINT WARNING * * *
A slime creature comes into view.
The rockslime completely misses you. You furiously retaliate!
You headbutt the rockslime, but do no damage.
The acid blob hits you but does no damage.
You block the slime creature's attack.
Blink to where?
Press: ? - help, Dir - move target
As you read the scroll of blinking, it crumbles to dust.
The acid blob spits acid at you. The splash of acid hits you!!
You die...

##......# ###
.......##..##
#......#...^#
##..........#
#...........##
##...........#
#......J......
#.@JJ§J..J...
#....JJ..J...
#......#......
##.........J..
##....#..J..J
....JJ......
##.#.........
..#.........


You could see 2 acid blobs, an azure jelly, 6 slime creatures and 2 rockslimes.

Vanquished Creatures
  Cerebov (Pan)
  Gloorx Vloq (Pan)
  A seraph (Pan)
  3 dread liches
  An ancient lich (Crypt:2)
  Mennas (Pan)
  3 juggernauts
  Boris (twice) (Crypt:1 Crypt:2)
  the Lernaean hydra (Swamp:4)
  Saint Roka (Vaults:5)
  Margery (Vaults:5)
  Bai Suzhen (Depths:2)
  4 golden dragons
  The ghost of hitsuchi the Executioner, a veteran PaBe of Trog (Depths:2)
  3 caustic shrikes (Depths:4)
  A curse toe (Crypt:3)
  Nikola (Swamp:4)
  Jory (Vaults:5)
  Geryon (Hell)
  2 profane servitors
  3 bone dragons
  12 Brimstone Fiends (Pan)
  2 Tzitzimimeh (Pan)
  A hellephant (Pan)
  9 Ice Fiends (Pan)
  3 Hell Sentinels (Pan)
  8 liches
  5 tentacled monstrosities
  5 deep elf blademasters
  A walking frostbound tome (Depths:2)
  6 acid blobs (Slime:5)
  2 walking divine tomes (Depths:2)
  A walking earthen tome (Depths:2)
  7 deep elf master archers
  19 titans
  A quicksilver dragon (Vaults:5)
  8 Executioners (Pan)
  4 sphinxes
  7 tentacled starspawn
  A kraken (Abyss:3)
  8 ancient champions
  A thorn hunter (Swamp:4)
  12 shadow dragons
  Agnes (D:14)
  8 demonspawn warmongers (Pan)
  5 storm dragons
  Kirke (Swamp:4)
  122 slime creatures
  Donald (Swamp:4)
  3 revenants
  A draconian monk (Depths:4)
  6 tengu reavers
  21 fire giants
  10 daevas (Pan)
  A fenstrider witch (Swamp:4)
  7 azure jellies
  16 vault wardens
  2 iron dragons
  8 rockslimes
  3 deep elf sorcerers
  An orc warlord (Vaults:3)
  22 frost giants
  5 emperor scorpions
  18 cacodemons (Pan)
  Louise (Swamp:2)
  8 demonspawn corrupters (Pan)
  34 balrugs
  A draconian shifter (Depths:4)
  2 curse skulls
  A draconian annihilator (Pan)
  6 ghost moths
  9 angels
  5 reapers
  8 ghouls
  6 demonspawn blood saints (Pan)
  9 pandemonium lords (Pan)
  3 spriggan defenders (Depths:3)
  2 broodmothers
  11 ophanim
  A deep elf demonologist (Vaults:5)
  15 ironbound preservers
  A draconian stormcaller (Depths:4)
  7 quicksilver oozes
  27 stone giants
  26 very ugly things
  7 vampire knights
  A juggernaut skeleton (Depths:3)
  3 apis (Pan)
  4 eleionomae
  4 ironbound thunderhulks
  3 red draconians
  7 black draconians
  3 deep elf annihilators
  14 demonspawn black suns (Pan)
  4 purple draconians (Depths:4)
  4 entropy weavers
  3 green draconians
  3 white draconians (Depths:4)
  9 dire elephants
  5 bunyips
  3 spark wasps
  10 lorocyprocas
  2 minotaurs
  10 yellow draconians
  13 green deaths (Pan)
  27 blizzard demons
  5 deep elf death magi
  2 crystal guardians (Vaults:4)
  7 eidola
  9 ettins
  10 fire dragons
  11 jiangshi
  A mummy priest (Crypt:3)
  A deep elf high priest (Vaults:5)
  16 yaktaur captains
  21 great orbs of eyes
  10 hell beasts
  5 ice dragons
  2 spriggan zombies
  7 rakshasas
  31 vault guards
  2 catoblepae
  5 ogre magi
  7 boulder beetles
  Erolcha (D:10)
  11 centaur warriors
  27 hydras
  2 peacekeepers (Vaults:4)
  A ghost crab (Swamp:3)
  2 jorogumos (Spider:1)
  6 spriggan air magi
  2 spriggan skeletons
  A juggernaut simulacrum (Pan)
  19 two-headed ogres
  5 death knights
  A radroach (Spider:3)
  A two-headed ogre (shapeshifter) (Vaults:5)
  4 ironbound frosthearts
  2 deep troll shamans
  12 alligators
  6 death scarabs (Spider:4)
  6 deep troll earth magi
  2 hell hogs (Hell)
  A death yak (Vaults:3)
  6 vampire magi
  An orc high priest (Orc:2)
  4 dancing weapons
  10 spriggan berserkers
  The ghost of Efficiency the Cleaver, a journeyman VSAK of Lugonu (D:12)
  A spectral emperor scorpion (Spider:4)
  A thrashing horror (Abyss:3)
  3 tengu warriors
  5 holy swine (Pan)
  26 soul eaters
  Nergalle (D:10)
  100 sun demons
  16 hell knights
  3 crystal echidnas (Hell)
  6 deep elf knights
  A storm dragon zombie (Vaults:5)
  23 sixfirhies
  2 sun moths
  5 iron trolls
  9 skeletal warriors
  4 wretched stars
  2 spatial maelstroms (Abyss:3)
  A titan skeleton (Abyss:1)
  7 pharaoh ants
  A quicksilver dragon simulacrum (Vaults:5)
  2 goliath frogs
  5 glowing orange brains
  4 shadow wraiths
  5 orb spiders
  A storm dragon skeleton (Crypt:1)
  A spriggan druid (Swamp:3)
  4 shadow demons (Pan)
  2 shadow dragon zombies (Depths:2)
  A spriggan simulacrum (Crypt:3)
  An anaconda zombie (Crypt:3)
  9 swamp dragons
  55 deep trolls
  7 steelbarb worms
  8 bog bodies
  5 flayed ghosts
  3 spectral wolf spiders (Spider:4)
  A spectral jorogumo (Spider:4)
  12 phantasmal warriors
  16 wizards
  Pikel (D:5)
  14 cherubim
  2 bunyip skeletons
  An iron giant skeleton (Crypt:3)
  A sphinx zombie (Depths:2)
  3 deep elf zephyrmancers
  2 orange crystal statues
  8 deep elf archers
  15 ironbound convokers
  8 lindwurms
  A wolf spider zombie (Spider:4)
  13 harpies
  53 ugly things
  9 deep elf pyromancers
  A sphinx skeleton (Depths:2)
  6 orc knights
  A fire giant zombie (Crypt:2)
  3 shining eyes
  A moth of wrath (shapeshifter) (D:13)
  An oklob plant (Lair:1)
  27 wolf spiders
  8 necromancers
  11 cyclopes
  5 moths of wrath
  5 will-o-the-wisps
  A goliath frog skeleton (Crypt:3)
  4 manticores
  3 worldbinders
  A salamander (Depths:4)
  A stone giant skeleton (Crypt:2)
  2 frost giant zombies
  A guardian serpent (Lair:6)
  3 eyes of devastation
  4 ice statues (Pan)
  7 elephants
  A toenail golem (Pan)
  2 gargoyles
  A rust devil (Pan)
  14 vault sentinels
  23 orange demons
  4 molten gargoyles (Hell)
  A black mamba (shapeshifter) (Depths:4)
  38 smoke demons
  2 torpor snails
  16 cane toads
  12 black mambas
  A centaur skeleton (Crypt:3)
  2 unseen horrors (D:13)
  An elephant slug zombie (Crypt:2)
  3 redback zombies (Spider:4)
  2 spectral redbacks (Spider:4)
  6 freezing wraiths
  51 yaktaurs
  7 komodo dragons
  6 ancient zymes
  A tengu conjurer (Depths:1)
  11 hellions
  A purple draconian skeleton (Crypt:3)
  8 ice devils
  An entropy weaver simulacrum (IceCv)
  24 demonic crawlers
  6 efreet
  9 hellwings (Pan)
  A death yak skeleton (Crypt:1)
  A red draconian skeleton (Crypt:3)
  4 rime drakes
  40 large abominations
  5 tormentors (Pan)
  An iron giant simulacrum (Hell)
  3 guardian mummies (Crypt:3)
  14 trolls
  7 polar bears
  A catoblepas skeleton (Crypt:1)
  11 meliai
  2 red devils (Pan)
  A shadow dragon simulacrum (Crypt:1)
  Grinder (D:3)
  5 very ugly thing simulacra (IceCv)
  A bloated husk (Swamp:4)
  11 hornets
  2 spectral tarantellas (Spider:4)
  25 tarantellas
  A culicivora zombie (Spider:4)
  13 raiju
  5 spectral jumping spiders (Spider:4)
  10 tyrant leeches
  A jumping spider zombie (Spider:4)
  A satyr zombie (Crypt:2)
  A wolf spider simulacrum (D:13)
  2 spectral culicivoras (Spider:4)
  2 tarantellas (shapeshifter)
  A frost giant simulacrum (Depths:2)
  9 blink frogs (Lair:4)
  A harpy skeleton (Crypt:1)
  2 ettin zombies
  A blink frog (shapeshifter) (D:13)
  An ettin skeleton (Abyss:3)
  A jumping spider (shapeshifter) (Vaults:5)
  2 meliai zombies
  2 vampires (Crypt:3)
  3 wraiths
  33 jumping spiders
  27 culicivoras
  2 centaur simulacra
  4 flying skulls (Crypt:2)
  A guardian serpent skeleton (Crypt:3)
  10 spriggans
  16 wyverns
  A yak (shapeshifter) (D:14)
  34 ynoxinuls
  5 water elementals
  2 hogs (Swamp:4)
  4 fire bats (Abyss:1)
  37 yaks
  3 humans (Swamp:4)
  13 basilisks
  49 redbacks
  25 neqoxecs
  3 steam dragons
  21 chaos spawn
  3 vampire mosquitoes
  A swamp worm (shapeshifter) (D:15)
  Menkaure (D:5)
  2 acid dragons (D:12)
  4 spatial vortices (Abyss:3)
  13 swamp worms
  5 hell hounds (Hell)
  2 demonic crawler simulacra (IceCv)
  A floating eye (Depths:3)
  19 water moccasins
  A meliai simulacrum (Gauntlet)
  22 orc warriors
  7 swamp drakes
  2 ice beasts
  3 black bears
  6 ugly thing simulacra (IceCv)
  An ettin simulacrum (Vaults:3)
  A lindwurm zombie (Crypt:3)
  2 sky beasts
  26 ogres
  20 wolves
  5 boggarts (Vaults:3)
  A dream sheep skeleton (Crypt:1)
  5 necrophages
  10 centaurs
  5 kobold brigands
  A hog skeleton (Crypt:2)
  A phantom (D:6)
  27 bullfrogs
  A gnoll sergeant (D:11)
  A glowing shapeshifter simulacrum (Vaults:3)
  2 scorpions (D:6)
  A water moccasin zombie (D:6)
  8 killer bees
  25 wights
  3 electric eels
  7 howler monkeys
  A bullfrog zombie (D:6)
  A lava snake (Lair:5)
  8 small abominations
  11 centaur zombies
  11 starcursed masses (Abyss:1)
  2 human simulacra (Vaults:3)
  A wyvern simulacrum (Gauntlet)
  A hound (D:3)
  A jelly (D:6)
  A gnoll shaman (D:9)
  2 human zombies
  7 orc priests
  Crazy Yiuf (D:6)
  A black bear skeleton (Crypt:2)
  2 iron imps
  An iguana (D:5)
  18 orc wizards
  2 killer bee zombies
  A demigod zombie (Crypt:3)
  A felid skeleton (Crypt:2)
  2 hound skeletons
  7 mummies
  2 howler monkey zombies
  18 gnolls
  15 adders
  A swamp drake zombie (Crypt:1)
  A swamp drake skeleton (Crypt:1)
  A shadow imp (D:4)
  2 white imps
  An ufetubus (D:5)
  A worm zombie (Crypt:1)
  A barachi skeleton (Crypt:1)
  A dart slug (D:2)
  79 orcs
  6 endoplasms
  2 giant cockroaches
  10 goblins
  7 hobgoblins
  7 jackals
  3 quokkas (D:3)
  8 ball pythons
  7 bats
  3 frilled lizards
  A goblin zombie (Crypt:2)
  2 hobgoblin skeletons (Crypt:3)
  26 kobolds
  An orc zombie (Crypt:3)
  3 rats
  10 ball lightnings (Pan)
  2 briar patches (Swamp:4)
  A fire vortex (Pan)
  A lurking horror (Abyss:3)
  A plant (Lair:6)
  4 starspawn tentacles
  4 tentacles (Abyss:3)
2912 creatures vanquished.

Vanquished Creatures (collateral kills)
  Mnoleg (Pan)
  Lom Lobon (Pan)
  2 pandemonium lords (Pan)
  A Tzitzimitl (Pan)
  A Brimstone Fiend (Pan)
  A titan (Hell)
  An eldritch tentacle (Pan)
  8 Executioners (Pan)
  Murray (Hell)
  3 daevas (Pan)
  3 demonspawn warmongers (Pan)
  8 cacodemons (Pan)
  4 balrugs (Pan)
  A ghost moth (Pan)
  A curse skull (Pan)
  A demonspawn corrupter (Pan)
  An angel (Pan)
  A very ugly thing (Pan)
  2 reapers
  3 demonspawn blood saints (Pan)
  2 ophanim (Pan)
  3 demonspawn black suns (Pan)
  A lorocyproca (Pan)
  A wendigo (Hell)
  A crystal guardian (Hell)
  3 blizzard demons (Pan)
  3 green deaths (Pan)
  A spriggan skeleton (Pan)
  A juggernaut simulacrum (Pan)
  A hell hog (Hell)
  A holy swine (Pan)
  6 sun demons (Pan)
  8 soul eaters
  2 hell knights (Hell)
  A crystal echidna (Hell)
  3 sixfirhies (Pan)
  2 shadow wraiths (Pan)
  3 large abominations (Pan)
  A shadow demon (Pan)
  A wizard (Pan)
  2 ugly things (Pan)
  A rust devil (Pan)
  An ice statue (Pan)
  A molten gargoyle (Hell)
  An eye of devastation (Pan)
  7 smoke demons
  7 orange demons (Pan)
  4 demonic crawlers (Pan)
  A centaur skeleton (Pan)
  A naga skeleton (Pan)
  2 hellwings (Pan)
  3 hellions (Pan)
  An ice devil (Pan)
  3 red devils (Pan)
  A centaur simulacrum (Hell)
  4 ynoxinuls (Pan)
  5 neqoxecs (Pan)
  2 chaos spawn (Pan)
  A harpy simulacrum (Hell)
  2 ettin simulacra (Hell)
  A fire vortex (Pan)
141 creatures vanquished.

Vanquished Creatures (others)
  A cacodemon (Pan)
  A demonspawn blood saint (Pan)
  An elemental wellspring (Hell)
  A blizzard demon (Pan)
  An ettin (Depths:3)
  A death knight (Crypt:2)
  A hydra (Swamp:4)
  An alligator (Swamp:4)
  A sixfirhy (Pan)
  A swamp dragon (Swamp:4)
  2 wizards (Pan)
  2 smoke demons (Pan)
  A tormentor (Pan)
  9 bloated husks
  A tyrant leech (Swamp:2)
  A chaos spawn (Pan)
  A minotaur simulacrum (Hell)
  2 neqoxecs (Pan)
  A swamp worm (Swamp:4)
  A fire dragon simulacrum (Hell)
  An orc wizard (D:6)
  31 ball lightnings (Pan)
  A block of ice (Pan)
  23 foxfires
  32 fungi
  106 plants
  10 starspawn tentacles
235 creatures vanquished.

Grand Total: 3288 creatures vanquished

Notes
Turn   | Place    | Note
-------+----------+-------------------------------------------
     0 | D:1      | DearestLeader the Minotaur Fighter began the quest for the
                  | Orb.
     0 | D:1      | Reached XP level 1. HP: 19/19 MP: 0/0
   262 | D:1      | Found a faded altar of an unknown god.
   431 | D:1      | Reached XP level 2. HP: 27/27 MP: 1/1
  1232 | D:2      | Reached XP level 3. HP: 32/33 MP: 2/2
  1643 | D:2      | Reached XP level 4. HP: 40/40 MP: 3/3
  1780 | D:3      | Noticed Grinder
  1783 | D:3      | Paralysed by Grinder for 2 turns
  1857 | D:3      | Found a bloodstained altar of Trog.
  1894 | D:4      | Reached skill level 5 in Axes
  1995 | D:4      | Noticed a two-headed ogre
  2156 | D:3      | Reached XP level 5. HP: 17/46 MP: 4/4
  2174 | D:3      | Paralysed by Grinder for 4 turns
  2177 | D:3      | HP: 2/46 [Grinder (1)]
  2181 | D:3      | Killed Grinder
  2182 | D:3      | Reached XP level 6. HP: 26/52 MP: 5/5
  2405 | D:3      | Found Fyfunen's Jewellery Emporium.
  2542 | D:3      | Found Dureh's One-of-a-Kind Rings.
  2547 | D:3      | Bought a +1 ring of slaying for 72 gold pieces
  2547 | D:3      | Bought a +1 ring of protection for 36 gold pieces
  2753 | D:4      | Found a staircase to the Ecumenical Temple.
  2762 | Temple   | Entered the Ecumenical Temple
  2955 | D:5      | Entered Level 5 of the Dungeon
  3004 | D:5      | Noticed Pikel
  3021 | D:5      | Killed Pikel
  3022 | D:5      | Reached skill level 10 in Axes
  3022 | D:5      | Reached XP level 7. HP: 41/59 MP: 6/6
  3215 | D:5      | Found a broken altar of Ashenzari.
  3254 | D:5      | Noticed Menkaure
  3261 | D:5      | Killed Menkaure
  3262 | D:5      | Reached skill level 1 in Dodging
  3262 | D:5      | Reached XP level 8. HP: 57/66 MP: 7/7
  3477 | D:5      | Found an iron altar of Okawaru.
  3484 | D:5      | Became a worshipper of Warmaster Okawaru
  3794 | D:6      | Reached skill level 5 in Fighting
  4047 | D:6      | Found a hide-covered altar of Uskayaw.
  4148 | D:6      | Reached * piety under Okawaru
  4473 | D:6      | Found a hazy altar of Hepliaklqana.
  4516 | D:6      | Reached skill level 1 in Invocations
  4524 | D:6      | Reached XP level 9. HP: 65/75 MP: 7/9
  4902 | D:6      | Found a runed translucent door.
  4903 | D:6      | Noticed Crazy Yiuf
  4908 | D:6      | Killed Crazy Yiuf
  5217 | D:7      | Found a shimmering blue altar of Sif Muna.
  5225 | D:7      | Reached ** piety under Okawaru
  5942 | D:4      | Killed a two-headed ogre
  5943 | D:4      | Reached skill level 5 in Armour
  5982 | D:4      | Found a stormy altar of Qazlal.
  6285 | D:8      | Found a shadowy altar of Dithmenos.
  6315 | D:8      | Reached *** piety under Okawaru
  6320 | D:8      | Reached XP level 10. HP: 72/83 MP: 12/12
  6328 | D:8      | Reached skill level 5 in Invocations
  6662 | D:8      | Reached skill level 15 in Axes
  6713 | D:8      | Found Gozag's Platinum Reserve.
  6718 | D:8      | Found an opulent altar of Gozag.
  7021 | D:9      | Reached **** piety under Okawaru
  7158 | D:9      | Found a flagged portal.
  7170 | Bailey   | Entered a bailey
  7871 | D:9      | Acquired 792 gold pieces
  8019 | D:3      | Bought the ring "Hoguofoj" {AC+4 Str+7 Slay+3 SInv} for 894
                  | gold pieces
  8917 | D:9      | Received a gift from Okawaru
  9176 | D:9      | Found a burning altar of Makhleb.
  9610 | D:10     | Entered Level 10 of the Dungeon
  9624 | D:10     | Noticed Nergalle
  9804 | D:10     | Killed Nergalle
  9804 | D:10     | Reached ***** piety under Okawaru
  9805 | D:10     | Reached XP level 11. HP: 73/89 MP: 13/15
  9999 | D:10     | Found a staircase to the Lair.
 10113 | D:10     | Noticed a two-headed ogre
 10120 | D:10     | Killed a two-headed ogre
 10228 | D:10     | Noticed Erolcha
 10246 | D:10     | Killed Erolcha
 10246 | D:10     | Received a gift from Okawaru
 10450 | D:10     | Found a blossoming altar of Fedhas.
 10606 | D:10     | Found a sacrificial altar of Ru.
 10924 | D:10     | Found a basalt altar of Yredelemnul.
 11009 | Lair:1   | Entered Level 1 of the Lair of Beasts
 11059 | Lair:1   | Reached ****** piety under Okawaru
 11063 | Lair:1   | Found a gate leading to a gauntlet.
 11069 | Lair:1   | Identified the +2 battleaxe of the Tundras {vamp, rF++}
                  | (Okawaru gifted it to you on level 1 of the Lair of Beasts)
 11069 | Lair:1   | Received a gift from Okawaru
 11078 | Gauntlet | Entered a Gauntlet
 11078 | Gauntlet | Found a transporter.
 11089 | Gauntlet | Found a transporter.
 11100 | Gauntlet | Found a transporter.
 11103 | Gauntlet | Found a transporter.
 11108 | Gauntlet | Noticed a glowing orange brain
 11112 | Gauntlet | Found a transporter.
 11112 | Gauntlet | Noticed a glowing orange brain
 11112 | Gauntlet | Noticed a purple ugly thing
 11129 | Gauntlet | Found a transporter.
 11130 | Gauntlet | Noticed a thrashing horror
 11140 | Gauntlet | Found a transporter.
 11149 | Gauntlet | Found a transporter.
 11153 | Gauntlet | Found a runed translucent door.
 11169 | Gauntlet | Found a transporter.
 11171 | Gauntlet | Noticed a death scarab
 11178 | Gauntlet | Found a runed translucent door.
 11179 | Gauntlet | Found a transporter.
 11179 | Gauntlet | Found a transporter.
 11181 | Gauntlet | Found a runed translucent door.
 11222 | Gauntlet | Found a transporter.
 11236 | Gauntlet | Found a transporter.
 11250 | Gauntlet | Found a transporter.
 11434 | Gauntlet | Identified the ring "Errobb" {Ice rPois}
 11437 | Gauntlet | Acquired a +1 executioner's axe of electrocution
 11598 | Gauntlet | Killed a purple ugly thing
 11609 | Gauntlet | Killed a glowing orange brain
 11610 | Gauntlet | Reached XP level 12. HP: 104/104 MP: 10/17
 11622 | Gauntlet | Identified the +8 great sword of Balance {flame, Str+3}
 11626 | Gauntlet | Identified the amulet "Pitroigu" {Faith Regen+ Int+3
                  | Stlth-}
 11685 | Gauntlet | Noticed a minotaur
 11689 | Gauntlet | Killed a minotaur
 11864 | Lair:1   | Noticed a six-headed hydra
 11884 | Lair:1   | Killed an 18-headed hydra
 11885 | Lair:1   | Reached skill level 10 in Armour
 11885 | Lair:1   | Reached skill level 5 in Dodging
 11888 | Lair:1   | Noticed an eight-headed hydra
 12188 | Lair:1   | Killed a 13-headed hydra
 12188 | Lair:1   | Received a gift from Okawaru
 12340 | Lair:1   | Received a gift from Okawaru
 12529 | Lair:2   | Reached skill level 10 in Fighting
 13415 | Lair:3   | Found a staircase to the Swamp.
 13452 | Lair:3   | Noticed a five-headed hydra
 13459 | Lair:3   | Killed an eight-headed hydra
 13606 | Lair:3   | Identified the +5 broad axe "Hyfeu" {flame, Fly rN+ Dex+2}
                  | (Okawaru gifted it to you on level 3 of the Lair of Beasts)
 13606 | Lair:3   | Received a gift from Okawaru
 14091 | Lair:4   | Reached XP level 13. HP: 106/116 MP: 18/18
 14191 | Lair:4   | Received a gift from Okawaru
 14191 | Lair:4   | Found the +4 robe of Folly {Brilliance Will-∞ Int+8}
 14359 | Lair:4   | Identified the +5 ring mail of Amorality {rPois Dex+2 SInv}
 14361 | Lair:4   | Found a hole to the Spider Nest.
 14487 | Lair:4   | Identified the ring of Jexzuom {Ice rElec Str+10 Stlth+}
 15093 | Lair:5   | Reached skill level 5 in Shields
 15115 | Lair:5   | Identified the +6 kite shield "Haopaom" {+Inv rPois Regen+
                  | Str-2} (Okawaru gifted it to you on level 5 of the Lair of
                  | Beasts)
 15115 | Lair:5   | Received a gift from Okawaru
 15211 | Lair:5   | Acquired a manual of Armour
 15742 | Lair:6   | Entered Level 6 of the Lair of Beasts
 16022 | Lair:6   | Received a gift from Okawaru
 16023 | Lair:6   | Reached XP level 14. HP: 129/129 MP: 20/20
 16400 | Lair:6   | Identified the +6 mace "Impslayer" {vorpal, Str+2}
 16736 | Lair:6   | Found a staircase to the Slime Pits.
 17256 | D:11     | Found a transporter.
 17275 | D:11     | Found a transporter.
 17439 | D:11     | Reached skill level 10 in Shields
 17681 | D:11     | Found a staircase to the Orcish Mines.
 18009 | Orc:1    | Entered Level 1 of the Orcish Mines
 18386 | Orc:2    | Entered Level 2 of the Orcish Mines
 18490 | Orc:2    | Received a gift from Okawaru
 18562 | Orc:2    | Found a radiant altar of Vehumet.
 18570 | Orc:2    | Found a gateway to a bazaar.
 18656 | Orc:2    | Found Yhaehego's Book Shoppe.
 18731 | Bazaar   | Entered a bazaar
 18731 | Bazaar   | Found Ymuesuetz's Antique Weapon Boutique.
 18752 | Bazaar   | Found Doitus's Jewellery Emporium.
 18759 | Bazaar   | Found Luvuek's Antique Weapon Shop.
 18769 | Bazaar   | Found Bararch's Jewellery Shoppe.
 18774 | Bazaar   | Found Ufinyzau's Antique Weapon Emporium.
 18778 | Bazaar   | Bought the ring "Soett" {rElec rC+ EV+4 Str+2} for 550 gold
                  | pieces
 18905 | Orc:2    | Found a staircase to the Elven Halls.
 18958 | Orc:2    | Received a gift from Okawaru
 18972 | Orc:2    | Found Tizxom's Magic Scroll Shoppe.
 18978 | Orc:2    | Found Puoter's Jewellery Boutique.
 18985 | Orc:2    | Found Rufa's Assorted Antiques.
 19004 | Orc:2    | Bought a scroll of teleportation for 78 gold pieces
 19014 | Orc:2    | Bought 3 scrolls of enchant armour for 247 gold pieces
 19014 | Orc:2    | Bought a scroll of blinking for 82 gold pieces
 19014 | Orc:2    | Bought a scroll of teleportation for 33 gold pieces
 19158 | D:12     | Found a runed translucent gate.
 19158 | D:12     | Found a runed translucent gate.
 19158 | D:12     | Found a runed translucent gate.
 19160 | D:12     | Found Epnegod's Book Boutique.
 19186 | D:12     | Noticed Efficiency's ghost (journeyman VSAK)
 19192 | D:12     | Identified the +1 robe of the Dungeon {Rampage rC+ rN+}
                  | (Okawaru gifted it to you on level 12 of the Dungeon)
 19192 | D:12     | Received a gift from Okawaru
 19389 | D:12     | Reached XP level 15. HP: 131/139 MP: 21/21
 19603 | D:12     | Killed Efficiency's ghost
 19604 | D:12     | Reached skill level 15 in Fighting
 19699 | D:13     | Reached skill level 15 in Armour
 19846 | D:13     | Received a gift from Okawaru
 20200 | D:13     | Received a gift from Okawaru
 20200 | D:13     | Found the +8 mithril axe "Arga" {speed, Will+}
 20248 | D:13     | Noticed a fire giant
 20251 | D:13     | Noticed a tengu reaver
 20253 | D:13     | Noticed a fire giant
 20255 | D:13     | Reached skill level 15 in Shields
 20263 | D:13     | Killed a fire giant
 20274 | D:13     | Killed a tengu reaver
 20301 | D:13     | Received a gift from Okawaru
 20310 | D:13     | Killed a fire giant
 20429 | D:13     | Noticed a fire giant
 20459 | D:13     | Killed a fire giant
 21174 | D:14     | Found a gate to the Vaults.
 21250 | D:14     | Noticed Agnes
 21259 | D:14     | Killed Agnes
 21499 | D:15     | Entered Level 15 of the Dungeon
 21501 | D:15     | Found Lirytiaj's Antique Weapon Shop.
 21519 | D:15     | Reached XP level 16. HP: 136/149 MP: 22/22
 21539 | D:15     | Found Cupysk's Antique Armour Boutique.
 21579 | D:15     | Bought an encrusted plate armour for 672 gold pieces
 21579 | D:15     | Identified the +10 plate armour "Qykaekop" {Int+2} (You
                  | bought it in a shop on level 15 of the Dungeon)
 21717 | D:15     | Identified the +2 pair of boots "Hostamith" {rCorr Int+8
                  | Dex-4} (Okawaru gifted it to you on level 15 of the
                  | Dungeon)
 21717 | D:15     | Received a gift from Okawaru
 22031 | D:15     | Found a staircase to the Depths.
 22143 | D:15     | Found Riregg's Jewellery Boutique.
 22662 | Swamp:1  | Entered Level 1 of the Swamp
 22686 | Swamp:1  | Found a frozen archway.
 22695 | IceCv    | Entered an ice cave
 23018 | IceCv    | Received a gift from Okawaru
 23100 | IceCv    | Found a viscous altar of Jiyva.
 23149 | IceCv    | Got the ring "Ekhul" {Ice Int+3 Dex+7}
 23156 | IceCv    | Got Syodofak's Grimoire of Absence
 23164 | IceCv    | Identified the +5 ring mail of the Shining Light {Dex+10}
 23351 | Swamp:1  | Identified the +0 hat "Plog" {Harm Int+6} (Okawaru gifted
                  | it to you on level 1 of the Swamp)
 23351 | Swamp:1  | Received a gift from Okawaru
 23591 | Swamp:1  | Reached skill level 10 in Dodging
 23838 | Swamp:2  | Reached XP level 17. HP: 162/162 MP: 23/23
 23993 | Swamp:2  | Noticed Louise
 24026 | Swamp:2  | Killed Louise
 24290 | Swamp:3  | Noticed a tentacled monstrosity
 24300 | Swamp:3  | Killed a tentacled monstrosity
 24499 | Swamp:3  | Received a gift from Okawaru
 24631 | Swamp:3  | Identified the ring of Eternal Harmony {rF+ Str+5}
 24817 | Swamp:4  | Entered Level 4 of the Swamp
 24876 | Swamp:4  | Noticed the 27-headed Lernaean hydra
 24893 | Swamp:4  | Killed the 21-headed Lernaean hydra
 25022 | Swamp:4  | Got a decaying rune of Zot
 25049 | Swamp:4  | Noticed Kirke
 25059 | Swamp:4  | Killed Kirke
 25093 | Swamp:4  | Noticed Nikola
 25109 | Swamp:4  | Killed Nikola
 25114 | Swamp:4  | Noticed Donald
 25136 | Swamp:4  | Killed Donald
 25209 | Swamp:4  | Received a gift from Okawaru
 25825 | Spider:1 | Entered Level 1 of the Spider Nest
 26316 | Spider:2 | Reached XP level 18. HP: 176/176 MP: 24/24
 26322 | Spider:2 | Received a gift from Okawaru
 27648 | Spider:3 | Identified the +2 robe of Mogog {rC+ Str-3 Dex+3} (Okawaru
                  | gifted it to you on level 3 of the Spider Nest)
 27648 | Spider:3 | Received a gift from Okawaru
 28287 | Spider:4 | Entered Level 4 of the Spider Nest
 28327 | Spider:4 | Reached skill level 10 in Invocations
 28356 | Spider:4 | Reached skill level 1 in Evocations
 29084 | Spider:4 | Received a gift from Okawaru
 29118 | Spider:4 | Got a gossamer rune of Zot
 29698 | Vaults:1 | Entered Level 1 of the Vaults
 30096 | Vaults:1 | Reached XP level 19. HP: 171/187 MP: 25/25
 30454 | Vaults:1 | Received a gift from Okawaru
 31374 | Vaults:2 | Identified the +4 ring mail "Giharapa" {Drain rF++ Int+4
                  | Slay+2} (Okawaru gifted it to you on level 2 of the Vaults)
 31374 | Vaults:2 | Received a gift from Okawaru
 31708 | Vaults:2 | Noticed a bone dragon
 31710 | Vaults:2 | Found a staircase to the Crypt.
 31720 | Vaults:2 | Killed a bone dragon
 32052 | Vaults:2 | Identified the ring of Brilliance {rC+ Will+ Str+6}
 32092 | Vaults:2 | Identified the +4 scale mail of Action {Dex+4}
 32267 | Vaults:3 | Reached XP level 20. HP: 185/200 MP: 26/26
 32609 | Vaults:3 | Identified the +3 war axe "Wunameiv" {freeze, rPois rF+ rC+
                  | Int-3} (Okawaru gifted it to you on level 3 of the Vaults)
 32609 | Vaults:3 | Received a gift from Okawaru
 33119 | Vaults:3 | Identified the +3 pair of gloves of the Saviour {rElec
                  | Dex+3} (Okawaru gifted it to you on level 3 of the Vaults)
 33119 | Vaults:3 | Received a gift from Okawaru
 33446 | Vaults:4 | Found Misiesoj's Weapon Shop.
 33543 | Vaults:4 | Found a flickering gateway to a bazaar.
 33556 | Bazaar   | Entered a bazaar
 33560 | Bazaar   | Found Ceal's Jewellery Emporium.
 33568 | Bazaar   | Found Hota's Weapon Shop.
 33609 | Bazaar   | Found Zenturas's Magic Scroll Shoppe.
 33617 | Bazaar   | Bought 3 scrolls of blinking for 270 gold pieces
 33617 | Bazaar   | Bought a scroll of teleportation for 36 gold pieces
 33617 | Bazaar   | Found Appyof's Weapon Boutique.
 34432 | Vaults:4 | Found Cijeohax's Antique Armour Shop.
 34433 | Vaults:4 | Found Sira's General Store.
 34439 | Vaults:4 | Bought a potion of mutation for 112 gold pieces
 34908 | Depths:1 | Entered Level 1 of the Depths
 34928 | Depths:1 | Found a one-way gateway to a ziggurat.
 35075 | Depths:1 | Received a gift from Okawaru
 35315 | Depths:1 | Noticed a golden dragon
 35315 | Depths:1 | Identified the +9 lajatang "Waec" {vorpal, Int+2 Dex+5}
 35331 | Depths:1 | Noticed a dread lich
 35346 | Depths:1 | Killed a golden dragon
 35347 | Depths:1 | Reached skill level 15 in Dodging
 35359 | Depths:1 | Killed a dread lich
 35360 | Depths:1 | Reached XP level 21. HP: 176/213 MP: 19/27
 35406 | Depths:1 | Noticed a golden dragon
 35412 | Depths:1 | Killed a golden dragon
 35562 | Depths:1 | Found a gateway to Hell.
 35704 | Depths:1 | Identified the +1 pair of gloves "Mynig" {Dex+4} (Okawaru
                  | gifted it to you on level 1 of the Depths)
 35704 | Depths:1 | Received a gift from Okawaru
 35821 | Depths:1 | Found Oprou's Armour Shop.
 36265 | Depths:2 | Found Yse Qugg's Assorted Antiques.
 36265 | Depths:2 | Found Pesimeer's Magic Scroll Emporium.
 36323 | Depths:2 | Noticed Bai Suzhen
 36341 | Depths:2 | Killed Bai Suzhen
 36354 | Depths:2 | Bought a scroll of enchant armour for 142 gold pieces
 36354 | Depths:2 | Bought a scroll of enchant armour for 142 gold pieces
 36354 | Depths:2 | Bought a scroll of enchant armour for 142 gold pieces
 36354 | Depths:2 | Bought a scroll of enchant armour for 142 gold pieces
 36379 | Depths:2 | Bought a potion of resistance for 420 gold pieces
 36379 | Depths:2 | Bought a potion of haste for 420 gold pieces
 36496 | Depths:2 | Noticed a juggernaut
 36537 | Depths:2 | Killed a juggernaut
 36569 | Depths:2 | Found the +8 glaive of the Guard {elec, spectral, AC+5}
 36694 | Depths:2 | Noticed a juggernaut
 36706 | Depths:2 | Killed a juggernaut
 36765 | Depths:2 | Found a runed translucent door.
 36767 | Depths:2 | Noticed hitsuchi's ghost (veteran PaBe)
 36793 | Depths:2 | Killed hitsuchi's ghost
 36804 | Depths:2 | Identified the +4 scimitar of the Forgotten Tables {vorpal,
                  | Int+4}
 37011 | Depths:2 | Found a one-way gate leading to the halls of Pandemonium.
 37285 | Vaults:5 | Entered Level 5 of the Vaults
 37298 | Vaults:5 | Identified the +5 hand axe "Curaffag" {venom, *Rage rF+++
                  | rN+ Dex+2} (Okawaru gifted it to you on level 5 of the
                  | Vaults)
 37298 | Vaults:5 | Received a gift from Okawaru
 37330 | Vaults:5 | Noticed a dread lich
 37393 | Vaults:5 | Killed a dread lich
 37393 | Vaults:5 | Received a gift from Okawaru
 37505 | Vaults:5 | Reached XP level 22. HP: 183/219 MP: 28/28
 37509 | Vaults:5 | Found Kauxucvo's Antique Armour Shop.
 37592 | Vaults:5 | Bought a runed cloak for 217 gold pieces
 37641 | Vaults:5 | Noticed Margery
 37659 | Vaults:5 | Killed Margery
 37659 | Vaults:5 | Received a gift from Okawaru
 37936 | Vaults:5 | Noticed Jory
 37950 | Vaults:5 | Killed Jory
 38002 | Vaults:5 | Received a gift from Okawaru
 38085 | Vaults:5 | Identified the +7 great mace of the Nine Youths {freeze,
                  | rF+ Str+3}
 38098 | Vaults:5 | Noticed a dread lich
 38118 | Vaults:5 | Killed a dread lich
 38168 | Vaults:5 | Received a gift from Okawaru
 38270 | Vaults:5 | Identified the +9 plate armour of Hedging {rN+ Dex+4}
 38299 | Vaults:5 | Identified the +1 helmet of the Okapi {rCorr Dex-4 Slay+2}
 38432 | Vaults:5 | Noticed Saint Roka
 38457 | Vaults:5 | Killed Saint Roka
 38798 | Vaults:5 | Got a silver rune of Zot
 39269 | Depths:3 | Noticed a golden dragon
 39316 | Depths:3 | Killed a golden dragon
 39328 | Depths:3 | Identified the +0 pair of boots "Mutu" {Drain +Blink rC++
                  | Slay+2} (Okawaru gifted it to you on level 3 of the Depths)
 39328 | Depths:3 | Received a gift from Okawaru
 39508 | Depths:3 | Identified the +3 pair of gloves of Waso {-Cast rElec
                  | Regen+ MP-9}
 39691 | Depths:3 | Reached XP level 23. HP: 237/238 MP: 29/29
 39760 | Depths:3 | Found a one-way gate to the infinite horrors of the Abyss.
 39816 | Depths:3 | Identified the +1 pair of boots "Nefuj" {rPois rC- Will+}
 40040 | Depths:3 | Voluntarily entered the Abyss.
 40060 | Abyss:1  | Found a broken altar of Ashenzari.
 40110 | Abyss:1  | Found a broken altar of Ashenzari.
 41324 | Abyss:3  | Found a glowing golden altar of the Shining One.
 41342 | Abyss:3  | Fell from the grace of Okawaru
 41342 | Abyss:3  | Became a worshipper of the Shining One
 41370 | Abyss:3  | Noticed a juggernaut
 41378 | Abyss:3  | Killed a juggernaut
 41382 | Abyss:3  | Reached skill level 27 in Fighting
 41382 | Abyss:3  | Reached XP level 24. HP: 249/249 MP: 29/29
 41382 | Abyss:3  | Reached XP level 25. HP: 257/257 MP: 29/29
 41382 | Abyss:3  | Got an abyssal rune of Zot
 41521 | Depths:3 | Escaped the Abyss
 41549 | Depths:4 | Entered Level 4 of the Depths
 41976 | Depths:4 | Reached * piety under the Shining One
 42026 | Depths:4 | Found the +8 Wrath of Trog {antimagic, *Rage Rampage}
 42144 | Depths:4 | Found Big Baal Hell's Store.
 42374 | Depths:4 | Reached ** piety under the Shining One
 42430 | Depths:4 | Found a runed translucent door.
 42430 | Depths:4 | Found a runed translucent door.
 42437 | Depths:4 | Found a runed translucent door.
 42437 | Depths:4 | Found a runed translucent door.
 42476 | Depths:4 | Found a runed translucent door.
 42476 | Depths:4 | Found a runed translucent door.
 42812 | Depths:4 | Found a gate to the Realm of Zot.
 43307 | Crypt:1  | Entered Level 1 of the Crypt
 43498 | Crypt:1  | Reached *** piety under the Shining One
 43610 | Crypt:1  | Reached **** piety under the Shining One
 43735 | Crypt:1  | Reached ***** piety under the Shining One
 43815 | Crypt:1  | Noticed Boris
 43827 | Crypt:1  | Killed Boris
 44021 | Crypt:2  | Noticed an ancient lich
 44031 | Crypt:2  | Killed an ancient lich
 44129 | Crypt:2  | Reached ****** piety under the Shining One
 44583 | Crypt:2  | Noticed Boris
 44599 | Crypt:2  | Killed Boris
 44912 | Crypt:3  | Entered Level 3 of the Crypt
 45029 | Crypt:3  | Found a staircase to the Tomb.
 45395 | Crypt:3  | Reached XP level 26. HP: 266/266 MP: 29/29
 45599 | Crypt:3  | Found a basalt altar of Yredelemnul.
 45599 | Crypt:3  | Found an ancient bone altar of Kikubaaqudgha.
 45621 | Crypt:3  | Identified the ring "Fipypp" {rPois rN+ Str+3 Int+3}
 45621 | Crypt:3  | Identified the ring "Ydurghogu" {rN+ Dex+4}
 45621 | Crypt:3  | Identified the ring of Okawaru's Scorn {rC+ rN+}
 45625 | Crypt:3  | Got Sif Muna's Disquisition on Dark Rites and Ice
 45751 | Crypt:3  | Identified the +2 war axe of the Shore {vamp, +Blink Str+6}
 46296 | Hell     | Entered the Vestibule of Hell
 46296 | Hell     | Noticed Geryon
 46316 | Hell     | Killed Geryon
 46349 | Hell     | Noticed Murray
 46368 | Hell     | Killed Murray
 46474 | Hell     | Was forgiven by Okawaru
 46526 | Hell     | Found a gateway to the Iron City of Dis.
 46618 | Hell     | Found a gateway to the freezing wastes of Cocytus.
 46621 | Hell     | Paralysed by a wendigo for 1 turns
 46757 | Hell     | Found a gateway to the ashen valley of Gehenna.
 46875 | Hell     | Found a gateway to the decaying netherworld of Tartarus.
 47074 | Pan      | Entered Pandemonium
 47483 | Pan      | Found a huge runed translucent gate.
 47484 | Pan      | Found a huge runed translucent gate.
 47484 | Pan      | Found a huge runed translucent gate.
 47485 | Pan      | Found a huge runed translucent gate.
 47486 | Pan      | Found a huge runed translucent gate.
 47497 | Pan      | Gained mutation: You have hidden genetic defects. [a
                  | neqoxec]
 47501 | Pan      | Gained mutation: You tend to lose your temper in combat. [a
                  | neqoxec]
 47503 | Pan      | Lost mutation: You have hidden genetic defects. [potion of
                  | mutation]
 47503 | Pan      | Lost mutation: You tend to lose your temper in combat.
                  | [potion of mutation]
 47503 | Pan      | Gained mutation: Your spells are a little harder to cast,
                  | but a little more powerful. [potion of mutation]
 47503 | Pan      | Gained mutation: Your flesh is heat resistant. (rF+)
                  | [potion of mutation]
 47528 | Pan      | Found a huge runed translucent gate.
 47528 | Pan      | Found a huge runed translucent gate.
 47530 | Pan      | Noticed Fyassauko the pandemonium lord
 47543 | Pan      | Killed Fyassauko the pandemonium lord
 47917 | Pan      | Gained mutation: You have a pair of large horns on your
                  | head. [a neqoxec]
 48185 | Pan      | Reached skill level 27 in Armour
 48428 | Pan      | Noticed Baler the pandemonium lord
 48438 | Pan      | Killed Baler the pandemonium lord
 48505 | Pan      | Found an exit through the horrors of the Abyss.
 48869 | Pan      | Found a transporter.
 48910 | Pan      | Gained mutation: You sometimes lose the ability to read
                  | scrolls when taking damage. [a cacodemon]
 49015 | Pan      | Found an exit through the horrors of the Abyss.
 49235 | Pan      | Lost mutation: Your spells are a little harder to cast, but
                  | a little more powerful. [a cacodemon]
 49261 | Pan      | Found a transporter.
 49620 | Pan      | Gained mutation: Armour fits poorly on your strangely
                  | shaped body. [mutagenic glow]
 49627 | Pan      | Reached XP level 27. HP: 263/273 MP: 30/30
 49636 | Pan      | Gained mutation: You do not regenerate when monsters are
                  | visible. [mutagenic glow]
 49652 | Pan      | Gained mutation: You are dopey. (Int -2) [mutagenic glow]
 49670 | Pan      | Gained mutation: You have hidden genetic defects.
                  | [mutagenic glow]
 49676 | Pan      | Identified the ring "Nycigoudir" {Fire Dex+7}
 49678 | Pan      | Gained mutation: Your magical capacity is low. (-10% MP) [a
                  | neqoxec]
 49694 | Pan      | Gained mutation: You are clumsy. (Dex -2) [mutagenic glow]
 49706 | Pan      | Gained mutation: Your magical capacity is very low. (-20%
                  | MP) [mutagenic glow]
 49715 | Pan      | Lost mutation: You are dopey. (Int -2) [mutagenic glow]
 49871 | Pan      | Lost mutation: Armour fits poorly on your strangely shaped
                  | body. [potion of mutation]
 49871 | Pan      | Lost mutation: You are clumsy. (Dex -2) [potion of
                  | mutation]
 49871 | Pan      | Lost mutation: Your magical capacity is very low. (-20% MP)
                  | [potion of mutation]
 49871 | Pan      | Gained mutation: You have sharp fingernails. [potion of
                  | mutation]
 49872 | Pan      | Lost mutation: Your magical capacity is low. (-10% MP)
                  | [potion of mutation]
 49872 | Pan      | Lost mutation: You do not regenerate when monsters are
                  | visible. [potion of mutation]
 49872 | Pan      | Lost mutation: You have sharp fingernails. [potion of
                  | mutation]
 49872 | Pan      | Gained mutation: Your skin changes colour to match your
                  | surroundings (Stealth+). [potion of mutation]
 49873 | Pan      | Lost mutation: Your skin changes colour to match your
                  | surroundings (Stealth+). [potion of mutation]
 49873 | Pan      | Lost mutation: You have hidden genetic defects. [potion of
                  | mutation]
 49873 | Pan      | Lost mutation: You sometimes lose the ability to read
                  | scrolls when taking damage. [potion of mutation]
 49873 | Pan      | Gained mutation: Your magical capacity is low. (-10% MP)
                  | [potion of mutation]
 49873 | Pan      | Gained mutation: Your system is resistant to poisons.
                  | (rPois) [potion of mutation]
 49991 | Pan      | Noticed Hienypoz the pandemonium lord
 50019 | Pan      | Paralysed by a floating eye for 4 turns
 50020 | Pan      | Gained mutation: You occasionally shout uncontrollably at
                  | your foes. [a shining eye]
 50023 | Pan      | Gained mutation: You are frail. (-10% HP) [a shining eye]
 50025 | Pan      | Gained mutation: You are occasionally teleported next to
                  | monsters. [a shining eye]
 50033 | Pan      | Killed Hienypoz the pandemonium lord
 50051 | Pan      | Got a demonic rune of Zot
 50152 | Pan      | Lost mutation: You occasionally shout uncontrollably at
                  | your foes. [potion of mutation]
 50152 | Pan      | Lost mutation: You are occasionally teleported next to
                  | monsters. [potion of mutation]
 50152 | Pan      | Gained mutation: You tend to lose your temper in combat.
                  | [potion of mutation]
 50152 | Pan      | Gained mutation: You expend magic power (3 MP) to
                  | strengthen your wands. [potion of mutation]
 50153 | Pan      | Lost mutation: Your system is resistant to poisons. (rPois)
                  | [potion of mutation]
 50153 | Pan      | Lost mutation: You tend to lose your temper in combat.
                  | [potion of mutation]
 50153 | Pan      | Gained mutation: You are clumsy. (Dex -2) [potion of
                  | mutation]
 50153 | Pan      | Lost mutation: You are clumsy. (Dex -2) [potion of
                  | mutation]
 50154 | Pan      | Lost mutation: You are frail. (-10% HP) [potion of
                  | mutation]
 50154 | Pan      | Lost mutation: You expend magic power (3 MP) to strengthen
                  | your wands. [potion of mutation]
 50154 | Pan      | Gained mutation: You are agile. (Dex +2) [potion of
                  | mutation]
 50154 | Pan      | Gained mutation: You are frail. (-10% HP) [potion of
                  | mutation]
 50155 | Pan      | Lost mutation: Your flesh is heat resistant. (rF+) [potion
                  | of mutation]
 50155 | Pan      | Lost mutation: You are frail. (-10% HP) [potion of
                  | mutation]
 50155 | Pan      | Gained mutation: You passively dampen the noise of your
                  | surroundings. [potion of mutation]
 51303 | Pan      | Gained mutation: Your magical capacity is very low. (-20%
                  | MP) [a cacodemon]
 51590 | Pan      | Noticed Yniaxt the pandemonium lord
 51603 | Pan      | Killed Yniaxt the pandemonium lord
 52278 | Pan      | Gained mutation: Your body sometimes deteriorates upon
                  | taking damage. [a cacodemon]
 52566 | Pan      | Found an exit through the horrors of the Abyss.
 52590 | Pan      | Gained mutation: Your body often deteriorates upon taking
                  | damage. [a neqoxec]
 52602 | Pan      | Identified the +5 spear of Ytuosch {venom, rPois}
 52631 | Pan      | Noticed Zacetew the pandemonium lord
 52648 | Pan      | Killed Zacetew the pandemonium lord
 52667 | Pan      | Gained mutation: You sometimes lose the ability to read
                  | scrolls when taking damage. [a cacodemon]
 52738 | Pan      | Found a runed translucent door.
 52921 | Pan      | Noticed Emmiel the pandemonium lord
 52927 | Pan      | Killed Emmiel the pandemonium lord
 53002 | Pan      | Found an exit through the horrors of the Abyss.
 53196 | Pan      | Noticed Yphiddiriu the pandemonium lord
 53221 | Pan      | Killed Yphiddiriu the pandemonium lord
 53612 | Pan      | Found a glowing golden altar of the Shining One.
 53612 | Pan      | Noticed a seraph
 53619 | Pan      | Identified the +1 tower shield of the Blind Marksman {Drain
                  | Str+3 Int+6 Dex+2}
 53630 | Pan      | Killed a seraph
 53654 | Pan      | Identified the ring "Vigraob" {MP+9 Int+4 Dex+4 SInv}
 53656 | Pan      | Identified the ring "Fore Wuhi" {Str+6 Int+4}
 53664 | Pan      | Identified the +8 rapier "Rogey" {holy, rElec MP+9 Int-5}
 53665 | Pan      | Identified the +1 battleaxe of the Sixty-Six Lovers
                  | {freeze, *Corrode Str+2 Int+2}
 53746 | Pan      | Identified the +4 tower shield of the Vestibule of Hell
                  | {*Slow rF+ rC++}
 53773 | Pan      | Found a glowing silver altar of Zin.
 53788 | Pan      | Reached skill level 27 in Axes
 54487 | Pan      | Entered the realm of Mnoleg.
 54604 | Pan      | Gained mutation: You occasionally shout uncontrollably at
                  | your foes. [a cacodemon]
 54769 | Pan      | Gained mutation: You do not regenerate when monsters are
                  | visible. [a neqoxec]
 54804 | Pan      | Gained mutation: You are dopey. (Int -2) [a neqoxec]
 54815 | Pan      | Noticed Mnoleg
 54825 | Pan      | Gained mutation: You frequently scream uncontrollably at
                  | your foes. [a neqoxec]
 54830 | Pan      | Killed Mnoleg
 54836 | Pan      | Gained mutation: You are very dopey. (Int -4) [a cacodemon]
 54837 | Pan      | Reached skill level 5 in Evocations
 54840 | Pan      | Gained mutation: Your spells are a little easier to cast,
                  | but a little less powerful. [a neqoxec]
 54856 | Pan      | Got a glowing rune of Zot
 54970 | Pan      | Lost mutation: You sometimes lose the ability to read
                  | scrolls when taking damage. [potion of mutation]
 54970 | Pan      | Lost mutation: Your body often deteriorates upon taking
                  | damage. [potion of mutation]
 54970 | Pan      | Gained mutation: You are resistant to electric shocks.
                  | (rElec) [potion of mutation]
 54971 | Pan      | Lost mutation: You do not regenerate when monsters are
                  | visible. [potion of mutation]
 54971 | Pan      | Lost mutation: You have a pair of large horns on your head.
                  | [potion of mutation]
 54971 | Pan      | Lost mutation: Your magical capacity is very low. (-20% MP)
                  | [potion of mutation]
 54977 | Pan      | Lost mutation: Your magical capacity is low. (-10% MP)
                  | [potion of mutation]
 54977 | Pan      | Lost mutation: You frequently scream uncontrollably at your
                  | foes. [potion of mutation]
 54977 | Pan      | Gained mutation: You are covered in fur. (AC +1) [potion of
                  | mutation]
 54993 | Pan      | Gained mutation: You frequently scream uncontrollably at
                  | your foes. [a cacodemon]
 55376 | Pan      | Noticed Amabbam the pandemonium lord
 55389 | Pan      | Killed Amabbam the pandemonium lord
 55474 | Pan      | Entered the realm of Cerebov.
 55491 | Pan      | Reached skill level 15 in Invocations
 55962 | Pan      | Found the +6 sword of Cerebov {flame}
 55962 | Pan      | Noticed Cerebov
 55992 | Pan      | Killed Cerebov
 56006 | Pan      | Got a fiery rune of Zot
 56339 | Pan      | Noticed Hayr Lie the pandemonium lord
 56382 | Pan      | Killed Hayr Lie the pandemonium lord
 56403 | Pan      | Reached skill level 27 in Shields
 56452 | Pan      | Found an exit through the horrors of the Abyss.
 56527 | Pan      | Entered the realm of Lom Lobon.
 56527 | Pan      | Found an exit through the horrors of the Abyss.
 56677 | Pan      | Reached skill level 1 in Spellcasting
 56712 | Pan      | Noticed Lom Lobon
 56947 | Pan      | Killed Lom Lobon
 57040 | Pan      | Got a magical rune of Zot
 57820 | Pan      | Noticed Iwkusigg the pandemonium lord
 57837 | Pan      | Killed Iwkusigg the pandemonium lord
 57953 | Pan      | Noticed Demil the pandemonium lord
 58015 | Pan      | Killed Demil the pandemonium lord
 58063 | Pan      | Noticed Mennas
 58100 | Pan      | Killed Mennas
 58125 | Pan      | Found a runed translucent door.
 58131 | Pan      | Entered the realm of Gloorx Vloq.
 58298 | Pan      | Noticed Gloorx Vloq
 58311 | Pan      | Killed Gloorx Vloq
 58332 | Pan      | Got a dark rune of Zot
 58931 | Pan      | Found an exit through the horrors of the Abyss.
 58980 | Pan      | Took an exit into the Abyss.
 58980 | Abyss:1  | Escaped into the Abyss
 58980 | Abyss:1  | Found a corrupted altar of Lugonu.
 59217 | Depths:2 | Escaped the Abyss
 59622 | Slime:1  | Entered Level 1 of the Pits of Slime
 59678 | Slime:3  | Gained mutation: You are weak. (Str -2) [a shining eye]
 59681 | Slime:3  | Lost mutation: You are weak. (Str -2) [a shining eye]
 59704 | Slime:5  | Entered Level 5 of the Pits of Slime
 59864 | Slime:5  | Reached skill level 10 in Evocations
 59869 | Slime:5  | Reached skill level 5 in Spellcasting
 59876 | Slime:5  | Lost mutation: You are agile. (Dex +2) [a shining eye]
 59877 | Slime:5  | Noticed the Royal Jelly
 59879 | Slime:5  | Found a viscous altar of Jiyva.
 59924 | Slime:4  | The Shining One protects you from harm!
 59925 | Slime:4  | Killed from afar by an acid blob

Illustrated notes

Levels and vault maps discovered:
D:1:      tarquinn_simple_flora_water_e, layout_basic,
          ebering_ecumenical_altar_abandoned
D:2:      kennysheep_six_static_rooms, layout_rooms, minmay_heptomino_o4
D:3:      layout_rooms, trog_three_pillars_becter, serial_shops, shop,
          nicolae_shop_unique_rings, minmay_strange_pillars, uniq_grinder
D:4:      layout_cave_pools, mainiacjoe_overflow_alcove_2,
          minmay_temple_entry_mini_moons, minmay_stone_trees_small
D:5:      layout_rooms, mainiacjoe_overflow_alcove_4, ashenzari_altar_1,
          uniq_menkaure, uniq_pikel
D:6:      layout_loops_ring, kennysheep_little_box,
          nicolae_uskayaw_dance_studio, uniq_crazy_yiuf_cottage
D:7:      layout_basic, mainiacjoe_overflow_brackets, st_stairs_10
D:8:      layout_cave_pods, nicolae_gozag_zags_fifth_avenue,
          nicolae_dithmenos_shadow_blocks
D:9:      layout_layer_cave, lemuel_crystal_altar, enter_bailey_4
D:10:     layout_loops_ring, lemuel_mausoleum_altar_yredelemnul,
          mainiacjoe_overflow_alcove_1, lemuel_tele_altar, david_lair_generic,
          uniq_nergalle, uniq_erolcha
D:11:     cheibrodos_barr_body, layout_loops_ring, david_orc_2,
          gammafunk_ghost_stat_death, kennysheep_small_spiral,
          grunt_ministairs_12
D:12:     layout_rooms, serial_shops, shop, maelrawn_ghost_gauntlet_escape,
          special_room [special_room_orc], minivault_23,
          kennysheep_pointless_box
D:13:     nzn_winding_woodlands_huge [nzn_winding_woodlands_5x15_split_checker,
          nzn_winding_woodlands_5x15_river_crossing,
          nzn_winding_woodlands_5x15_pool,
          nzn_winding_woodlands_5x15_pathside_ponds,
          nzn_winding_woodlands_5x15_cabin, nzn_winding_woodlands_5x15_garden,
          nzn_winding_woodlands_5x15_default,
          nzn_winding_woodlands_5x15_sawtooth,
          nzn_winding_woodlands_5x15_longhouse, nzn_winding_woodlands_5x15_eye,
          nzn_winding_woodlands_center_pierced_h,
          nzn_winding_woodlands_center_diamonds,
          nzn_winding_woodlands_15x15_thick_spiral], layout_long_grid
D:14:     layout_long_grid, david_vaults_1, kennysheep_doodads, uniq_agnes
D:15:     gammafunk_enter_depths_forms, layout_basic,
          hangedman_abyss_or_decor_clamps, serial_shops, nicolae_shop_stone,
          nicolae_shop_crystal, nicolae_shop_behind_doors, pf_eden
Temple:   dpeg_three_leaves_temple
Lair:1:   layout_hall_layers, gauntlet_entry_generic,
          infiniplex_staircase_pool_2
Lair:2:   layout_regular_city, nicolae_lair_lil_pond
Lair:3:   layout_long_grid, swamp_mist
Lair:4:   layout_roguey, nicolae_spider_entry_tight_spaces, lemuel_fruit_tree,
          grunt_megastairs_4
Lair:5:   minmay_lair_venomous_thicket, layout_gridlike
Lair:6:   hangedman_lair_tendril_chambers, layout_cellular_growth,
          dpeg_slime_entry_corner, serial_bayou_shore_b
Swamp:1:  layout_basic_swamp, portal_ice_cave_entry_pillars_1,
          evilmike_swamp_ruin_house_1, swamp_pool4
Swamp:2:  layout_basic_swamp, evilmike_swamp_ruin_house_6, swamp_pool2,
          uniq_louise
Swamp:3:  layout_falls_marsh, hangedman_swamp_ruin_hall, swamp_pool4
Swamp:4:  swamp_old_school, layout_basic_swamp, swamp_pool1,
          nicolae_swamp_super_fun_site, uniq_nikola, uniq_kirke, uniq_donald
Spider:1: layout_spider_delve
Spider:2: layout_spider_delve
Spider:3: layout_cave_pods, nicolae_spider_not_touching_you,
          hangedman_spider_tarantella_strand
Spider:4: floodkiller_spider_rune_tomb
Slime:1:  layout_caves, basic_altar
Slime:2:  layout_caves, basic_altar
Slime:3:  layout_caves
Slime:4:  layout_caves
Slime:5
Orc:1:    layout_caves
Orc:2:    st_orc_open, layout_diamond_mine, serial_shops, bzr_entry_water,
          basic_altar
Vaults:1: v_alt_pattern_5, v_alt_pattern_2, nicolae_vaults_big_ls,
          ontoclasm_vaults_decontamination, nicolae_vaults_ring_of_whatevers,
          nicolae_vaults_angled_halls, vaults_standard_mumra_lines,
          nicolae_vaults_diagonal_hallway_8,
          hangedman_vaults_stretched_pinwheel, vaults_mumra_minichess,
          layout_vaults_omnigrid
Vaults:2: vaults_mumra_chevron, ontoclasm_vaults_tryst, v_alt_pattern_3,
          minmay_crypt_entry_nasty_monster, v_rooms_3,
          hangedman_vaults_stretched_pinwheel, hangedman_vaults_nodes,
          hangedman_vaults_stagger, v_misc_31, v_rooms_1,
          hangedman_vaults_nails, ontoclasm_vaults_ligature,
          layout_vaults_maze_bifur
Vaults:3: serial_ice_m, grunt_vaults_hallway_long, hangedman_vaults_restitches,
          nicolae_vaults_network_periphery, nicolae_vaults_sealed_display,
          nicolae_vaults_what_the_h, hangedman_vaults_cutoff, v_misc_19,
          v_pattern_4, vaults_room_door_ring, layout_vaults_chaotic_city
Vaults:4: v_misc_10, v_misc_18, ontoclasm_vaults_ring_square, v_alt_pattern_4,
          nicolae_vaults_disjoint_gnomons, nicolae_vaults_network_s,
          hangedman_vaults_stretched_pinwheel, ontoclasm_vaults_loading_screen,
          v_misc_11, vaults_room_stairs_pillars, nicolae_vaults_shelves_hall,
          layout_vaults_omnicross, serial_shops, bzr_entry_customers, shop,
          shop, shop_statue
Vaults:5: serial_shops, uniq_margery, uniq_saint_roka, uniq_jory
Crypt:1:  layout_misc_corridors, serial_sigils_hangedman_etch,
          serial_sigils_hangedman_writhe, grunt_crypt_arrival_split, uniq_boris
Crypt:2:  layout_misc_corridors, grunt_megastairs_2
Crypt:3:  lightli_unholy_cathedral, layout_chaotic_city,
          tomb_entry_moat_badplayer, small_statue_intersection
Depths:1: layout_gridlike, enter_ziggurat_c, serial_shops,
          nicolae_lakefront_shop, grunt_hell_entry_dis_mu,
          minmay_misc_feat_diagonals, nzn_random_ring, serial_bayou_shore_b,
          serial_bayou_shore_b
Depths:2: minmay_guarded_unrand_guard, layout_long_grid, serial_bayou_ford_a,
          ebering_ghost_inner_flame, hell_entry, pan_entry, firewood_loft,
          minmay_shoptagon, uniq_bai_suzhen
Depths:3: evilmike_marble_ring, layout_cave_pools, abyss_entry,
          grunt_metal_band, minmay_fountain_box, minislime_mu
Depths:4: evilmike_zot_entry_castle, layout_basic, chequers_serial_rivers_marsh,
          nicolae_hell_entry_big_baal_hell, minmay_guarded_unrand_wrath_of_trog
Hell

Skill      XL: |  1  2  3  4  5  6  7  8  9 10 11 12 13 14 15 16 17 18 19 20 21 22 23 24 25 26 27 |
---------------+----------------------------------------------------------------------------------+-----
Axes           | 3 4 5 7 10 12 14 16 17 18 19 20 22 24 27 | 27.0
Fighting       | 4 6 9 11 13 14 15 17 19 20 22 23 25 26 27 | 27.0
Armour         | 4 5 8 9 10 12 14 19 20 21 22 23 24 25 26 27 | 27.0
Shields        | 4 8 12 15 16 17 19 20 21 22 23 27 | 27.0
Dodging        | 1 2 4 6 8 10 11 12 13 15 16 17 18 19 20 24 | 24.7
Invocations    | 1 4 6 8 9 10 11 15 | 15.0
Evocations     | 3 4 10 | 10.0
Spellcasting   | 5 |  5.0

Action                   |  1- 3 |  4- 6 |  7- 9 | 10-12 | 13-15 | 16-18 | 19-21 | 22-24 | 25-27 || total
-------------------------+-------+-------+-------+-------+-------+-------+-------+-------+-------++-------
Melee: War axe           |    79 |    70 |   198 |   259 |       |       |       |       |       ||   606
       Headbutt          |     6 |     8 |    34 |   116 |   189 |   350 |   464 |   310 |  1263 ||  2740
       Broad axe         |       |       |       |   253 |   824 |  1352 |  1401 |   899 |  3161 ||  7890
       Sacred scourge    |       |       |       |       |       |       |       |       |   172 ||   172
Invok: Heroism           |       |       |     1 |     4 |       |       |     1 |       |       ||     6
       Finesse           |       |       |       |     4 |       |       |     1 |       |       ||     5
       Summon Divine War |       |       |       |       |       |       |       |       |    52 ||    52
       Cleansing Flame   |       |       |       |       |       |       |       |       |     6 ||     6
 Abil: Evoke Blink       |       |       |       |       |       |       |       |     1 |     1 ||     2
Evoke: Wand              |       |       |       |     3 |       |     1 |       |       |     2 ||     6
  Use: Potion            |       |     3 |       |       |       |       |       |       |    18 ||    21
       Scroll            |       |     3 |       |    14 |    11 |    10 |    13 |       |     4 ||    55
 Stab: Petrified         |       |       |       |       |     1 |       |       |       |       ||     1
Armor: Scale mail        |    51 |    39 |    56 |       |       |       |       |       |       ||   146
       Plate armour      |       |       |    19 |   278 |   280 |   547 |   204 |       |       ||  1328
       Gold dragon scale |       |       |       |       |       |       |   158 |   179 |   702 ||  1039
Dodge: Dodged            |    36 |    39 |    75 |   174 |   254 |   486 |   391 |   180 |   925 ||  2560
Block: Buckler           |    18 |    19 |    40 |   187 |    29 |       |       |       |       ||   293
       Reflection        |       |       |       |     3 |       |       |       |       |       ||     3
       Kite shield       |       |       |       |       |   531 |   960 |   835 |   485 |  2094 ||  4905
